 Dungeon Crawl Stone Soup version 0.25-a0-161-gb7fd73d (webtiles) character file.

Game seed: 5802398606520891344, levelgen mode: deterministic

12175 TheGoonsmith the Spear-Bearer (level 11, -2/83 HPs)
             Began as a Merfolk Summoner on Nov 19, 2019.
             Was a High Priest of Sif Muna.
             Killed from afar by Azrael (31 damage)
             ... with damnation
             ... on level 13 of the Dungeon on Nov 21, 2019.
             The game lasted 00:48:01 (16377 turns).

TheGoonsmith the Spear-Bearer (Merfolk Summoner)   Turns: 16377, Time: 00:48:01

Health: -2/83      AC:  9    Str:  9    XL:     11   Next: 89%
Magic:  0/18       EV: 22    Int: 17    God:    Sif Muna [*****.]
Gold:   771        SH:  0    Dex: 15    Spells: 7/20 levels left

rFire    + . .     SeeInvis .   n - +1 halberd
rCold    . . .     Gourm    .   (shield currently unavailable)
rNeg     . . .     Faith    .   u - +2 robe {MR+}
rPois    .         Spirit   .   (no helmet)
rElec    .         Reflect  .   J - scarf {cloud immunity}
rCorr    .         Harm     .   g - +2 pair of gloves
MR       +....                  p - +1 pair of boots
Stlth    +++.......             (no amulet)
HPRegen  0.23/turn              y - ring of protection from fire
MPRegen  0.16/turn              l - +4 ring of evasion

@: no status effects
A: change form in water, swift swim, stealthy swim
a: Channel Magic, Forget Spell, Divine Exegesis, Renounce Religion


You were on level 13 of the Dungeon.
You worshipped Sif Muna.
Sif Muna was extremely pleased with you.
You were very hungry.

You visited 2 branches of the dungeon, and saw 13 of its levels.
You also visited: Sewer and Ossuary.

You collected 771 gold pieces.

Inventory:

Hand Weapons
 d - a +0 short sword
 n - a +1 halberd (weapon)
 z - a cursed +4 trident
Armour
 a - a +0 robe
 g - a +2 pair of gloves (worn)
 p - a +1 pair of boots (worn)
 u - a +2 robe of magic resistance (worn)
 C - a +2 robe of fire resistance
 J - a scarf of cloud immunity (worn)
Magical Staves
 q - an uncursed staff of fire
Jewellery
 l - a +4 ring of evasion (right hand)
 x - an uncursed ring of resist corrosion
 y - a ring of protection from fire (left hand)
 D - a cursed -3 ring of intelligence {unknown}
 H - an uncursed ring of poison resistance
Wands
 F - a wand of acid (5)
Scrolls
 b - 8 scrolls of remove curse
 o - 4 scrolls of teleportation
 r - 2 scrolls of identify
 E - a scroll of holy word
 I - a scroll of blinking
 K - 2 scrolls of magic mapping
Potions
 e - 3 potions of berserk rage
 f - 4 potions of flight
 h - 4 potions of heal wounds
 i - a potion of ambrosia {unknown}
 j - 2 potions of haste {unknown}
 k - 2 potions of invisibility
 m - 2 potions of resistance
 s - a potion of agility
 t - 2 potions of brilliance
 v - a potion of mutation {unknown}
 w - 2 potions of curing {unknown}
 A - a potion of might {unknown}
 B - a potion of lignification {unknown}
 G - a potion of cancellation {unknown}
Comestibles
 c - 8 rations


   Skills:
 + Level 6.9 Fighting
 + Level 10.8 Polearms
 + Level 9.1 Dodging
 - Level 4.0 Stealth
 - Level 5.0 Spellcasting
 - Level 9.0 Summonings
 - Level 7.0 Ice Magic
 - Level 5.1 Air Magic
 + Level 5.2 Invocations


You had 7 spell levels left.
You knew the following spells:

 Your Spells              Type           Power        Failure   Level  Hunger
a - Summon Lightning Spi  Summ/Air       ####....     8%          4    ####...
b - Call Imp              Summ           #####...     1%          2    #......
c - Call Canine Familiar  Summ           #####...     1%          3    ###....
z - Summon Ice Beast      Ice/Summ       ####....     5%          4    ####...

Your spell library contained the following spells:

 Spells                   Type           Power        Failure   Level  Hunger
 Summon Small Mammal      Summ           ####         1%          1    None
 Ensorcelled Hibernation  Hex/Ice        ###...       4%          2    #......
 Recall                   Summ/Tloc      N/A          7%          3    ###....
 Summon Guardian Golem    Hex/Summ       ###.....     7%          3    ###....
 Beastly Appendage        Tmut           #.....       14%         1    None
 Magic Dart               Conj           #...         14%         1    None
 Blink                    Tloc           N/A          22%         2    #......
 Slow                     Hex            #.......     22%         2    #......
 Sticks to Snakes         Tmut           #.......     22%         2    #......
 Mephitic Cloud           Conj/Pois/Air  ##......     22%         3    ###....
 Ice Form                 Ice/Tmut       ###.....     32%         4    ####...
 Conjure Flame            Conj/Fire      #.......     38%         3    ###....
 Dazzling Spray           Conj/Hex       #.....       38%         3    ###....
 Portal Projectile        Hex/Tloc       #.....       38%         3    ###....
 Spider Form              Tmut/Pois      #.........   38%         3    ###....
 Vampiric Draining        Necr           #.........   38%         3    ###....
 Metabolic Englaciation   Hex/Ice        ###.......   67%         5    ######.
 Animate Dead             Necr           N/A          80%         4    ####...
 Cause Fear               Hex            #.........   80%         4    ####...
 Silence                  Hex/Air        ##........   80%         5    ######.
 Blade Hands              Tmut           #.........   98%         5    ######.
 Borgnjor's Vile Clutch   Necr/Erth      #.........   98%         5    ######.
 Yara's Violent Unravell  Hex/Tmut       #.........   98%         5    ######.
 Simulacrum               Ice/Necr       ###.......   99%         6    #######
 Death Channel            Necr           #.........   100%        6    #######
 Deflect Missiles         Chrm/Air       ##........   100%        6    #######
 Discord                  Hex            #.........   100%        8    #######


Dungeon Overview and Level Annotations

Branches:
Dungeon (11/15)            Temple (1/1) D:4            Lair (0/6) D:11
    Orc (0/2) D:10         Vaults (0/5) D:13          Sewer (visited)
Ossuary (visited)

Altars:
Cheibriados
Dithmenos
Elyvilon
Gozag
Hepliaklqana
Kikubaaqudgha
Makhleb
Okawaru
Ru
Sif Muna
Uskayaw
Vehumet
Xom
Zin

Shops:
D:8 %   D:10 !

Annotations:
D:11 exclusion: 2 oklob plants
D:13 Azrael


Message History

Your lightning spire shoots out a bolt of lightning at Azrael!
The bolt of electricity hits Azrael.
The bolt of electricity hits the hell hound!
Casting: Summon Lightning Spire (safe; 8% risk of failure)
Confirm with . or Enter, or press ? or * to list all spells.
A chill wind blows around you.
Your lightning spire disappears in a puff of smoke!
The hell hound bites your ice beast! The fire elemental hits you.
The fire elemental burns you! You resist.
Unknown command.
The hell hound bites your ice beast but does no damage.
Azrael howls in rage.
The hell hound bites your ice beast. The fire elemental closely misses you.
Your ice beast hits the hell hound.
Your ice beast freezes the hell hound!!
The hell hound is frozen!
The hell hound dies!
Sif Muna accepts your kill. Azrael gestures at you.
The sphere of damnation explodes!
The damnation engulfs you!!
You die...

#######..####### .#
#.....#..#....∩# .#
#.....#..#.....# .#
#.....#..#.....# #.#
#.....#..'.....#######.#
#.....#.÷'.....#.......#
#######''#†)#######.......#
#...........:RE.......##..#
#......÷...†°☼..@...#.##..#
..#####''#..#))####.#.##..#
°○.#.....#..#Y....#.#.##..#
...#.....#..#.....#.#.##..#
####.....#..#.....#.#.##..#
#.....#..#.....#.#.##..#
#.....#..#.....#.......#
#######..#######.......#
...####..........#


You could see Azrael, a fire elemental and a friendly ice beast.

Vanquished Creatures
  A tengu warrior (D:9)
  A centaur zombie (D:10)
  A hippogriff (D:11)
  A vampire (D:9)
  A yak (D:13)
  A warg (D:10)
  A soldier ant (D:9)
  3 sky beasts
  2 orc warriors (D:10)
  An ogre (D:9)
  2 ice beasts
  2 centaurs
  A big kobold (D:10)
  5 bullfrogs
  3 scorpions
  4 killer bees
  8 wights
  A crimson imp (D:8)
  2 orc priests (D:10)
  3 hounds
  A human zombie (Ossuary)
  A bullfrog zombie (D:7)
  3 centaur skeletons
  2 jellies
  6 orc wizards
  2 iguanas
  5 worker ants
  2 hound zombies (Ossuary)
  A hound skeleton (D:6)
  3 mummies (Ossuary)
  A worker ant zombie (D:9)
  6 adders
  A shadow imp (D:5)
  An adder zombie (Ossuary)
  An adder skeleton (D:4)
  A leopard gecko (D:5)
  21 orcs
  2 giant cockroaches
  4 hobgoblins
  3 quokkas
  A ball python (D:2)
  4 bats
  3 frilled lizards
  2 goblin zombies (Ossuary)
  3 hobgoblin zombies (Ossuary)
  6 jackal zombies (Ossuary)
  7 kobolds
  2 kobold zombies (Ossuary)
  2 quokka skeletons
  5 quokka zombies
  5 rats
  A rat zombie (Ossuary)
152 creatures vanquished.

Vanquished Creatures (collateral kills)
  An ironheart preserver (D:13)
  Snorg (D:10)
  4 two-headed ogres
  Pikel (D:5)
  3 ugly things
  2 deep elf magi
  2 manticores
  A hornet (D:9)
  A hippogriff (D:10)
  2 wraiths
  4 yaks (D:11)
  A hungry ghost (D:10)
  3 hell hounds (D:13)
  An orc warrior (D:8)
  A slave (D:5)
  4 ogres
  A crocodile (D:13)
  A big kobold (Sewer)
  2 bullfrogs
  An elf zombie (Ossuary)
  A wyvern zombie (D:10)
  2 scorpions
  10 killer bees
  5 wights
  3 howler monkeys
  A bullfrog zombie (D:5)
  A human zombie (Ossuary)
  A centaur zombie (D:6)
  2 crimson imps
  9 hounds
  9 orc priests
  2 centaur skeletons
  5 jellies
  9 orc wizards
  4 iguanas
  4 worker ants
  A big kobold zombie (Ossuary)
  A hound zombie (Ossuary)
  A gnoll (D:1)
  2 river rats (Sewer)
  7 adders
  2 shadow imps
  An ooze (D:2)
  2 adder zombies (Ossuary)
  2 worms
  A dart slug (D:3)
  6 leopard geckos
  36 orcs
  2 giant cockroaches
  3 hobgoblins
  9 jackals
  2 quokkas
  3 ball pythons
  3 bats
  7 frilled lizards
  5 goblins
  2 goblin zombies (Ossuary)
  2 hobgoblin zombies (Ossuary)
  A jackal zombie (Ossuary)
  7 kobolds
  A quokka skeleton (D:4)
  A quokka zombie (Ossuary)
  8 rats
  2 rat zombies (Ossuary)
225 creatures vanquished.

Vanquished Creatures (others)
  Ijyb (D:3)
  An orc wizard (D:6)
  An adder (D:5)
  A jackal (D:5)
  A quokka (D:3)
5 creatures vanquished.

Grand Total: 382 creatures vanquished

Notes
Turn   | Place    | Note
-------+----------+-------------------------------------------
     0 | D:1      | TheGoonsmith the Merfolk Summoner began the quest for the
                  | Orb.
     0 | D:1      | Reached XP level 1. HP: 13/13 MP: 3/3
   408 | D:1      | Reached XP level 2. HP: 19/19 MP: 3/5
   443 | D:1      | Upgraded the game from 0.25-a0-110-ge29c8f2 to
                  | 0.25-a0-158-g59b9092
   476 | D:1      | Learned a level 2 spell: Call Imp
  1302 | D:2      | Reached XP level 3. HP: 19/24 MP: 3/6
  1953 | D:2      | Reached XP level 4. HP: 30/30 MP: 3/8
  2009 | D:2      | Found a burning altar of Makhleb.
  2009 | D:2      | Found a shimmering altar of Xom.
  2119 | D:3      | Learned a level 4 spell: Summon Ice Beast
  2136 | D:3      | Noticed Ijyb
  2146 | D:3      | Killed Ijyb
  2614 | D:3      | Found an opulent altar of Gozag.
  2695 | D:3      | Found a sacrificial altar of Ru.
  3413 | D:4      | Reached XP level 5. HP: 32/35 MP: 3/9
  3731 | D:4      | Reached skill level 5 in Dodging
  3783 | D:4      | Noticed an ogre
  3964 | D:4      | Learned a level 3 spell: Call Canine Familiar
  4128 | D:4      | Found a staircase to the Ecumenical Temple.
  4137 | Temple   | Entered the Ecumenical Temple
  4148 | Temple   | Became a worshipper of Sif Muna the Loreminder
  4277 | D:4      | Reached XP level 6. HP: 41/41 MP: 1/11
  4660 | D:4      | Found a shadowy altar of Dithmenos.
  4718 | D:5      | Entered Level 5 of the Dungeon
  5146 | D:5      | Reached skill level 5 in Summonings
  5573 | D:5      | Reached XP level 7. HP: 35/46 MP: 2/13
  5696 | D:5      | Found a glowing silver altar of Zin.
  5696 | D:5      | You fall into a shaft and drop 2 floors!
  5933 | D:6      | Found a glowing drain.
  5975 | Sewer    | Entered a sewer
  5996 | Sewer    | Reached * piety under Sif Muna
  6140 | Sewer    | Reached skill level 1 in Fighting
  6140 | Sewer    | Reached skill level 1 in Ice Magic
  6205 | Sewer    | Found a white marble altar of Elyvilon.
  6597 | D:5      | Noticed Pikel
  6891 | D:5      | Killed Pikel
  6891 | D:5      | Reached XP level 8. HP: 60/60 MP: 3/14
  7925 | D:6      | Reached skill level 5 in Ice Magic
  8063 | D:6      | Found an iron altar of Okawaru.
  8599 | D:6      | Reached ** piety under Sif Muna
  8749 | D:7      | Reached skill level 1 in Polearms
  9096 | D:7      | Reached skill level 2 in Polearms
  9640 | D:7      | Found an ancient bone altar of Kikubaaqudgha.
  9665 | D:7      | Reached skill level 3 in Polearms
  9782 | D:8      | Reached skill level 5 in Spellcasting
  9818 | D:8      | Found a sand-covered staircase.
  9879 | Ossuary  | Entered an ossuary
  9921 | Ossuary  | Reached XP level 9. HP: 65/65 MP: 13/16
  9933 | Ossuary  | Reached skill level 4 in Polearms
 10021 | Ossuary  | Reached *** piety under Sif Muna
 10245 | D:8      | Found Dep Uck's Food Shop.
 10601 | D:8      | Reached skill level 1 in Invocations
 11172 | D:9      | Reached skill level 5 in Polearms
 11723 | D:9      | Found a white marble altar of Elyvilon.
 11879 | D:9      | Reached **** piety under Sif Muna
 11973 | D:9      | Reached skill level 5 in Fighting
 12008 | D:9      | Reached skill level 6 in Polearms
 12079 | D:9      | Noticed a deep elf mage
 12080 | D:9      | Noticed a brown ugly thing
 12080 | D:9      | Noticed a tengu warrior
 12108 | D:9      | Killed a brown ugly thing
 12114 | D:9      | Killed a deep elf mage
 12114 | D:9      | Reached XP level 10. HP: 74/74 MP: 3/17
 12115 | D:9      | Reached skill level 7 in Polearms
 12206 | D:9      | Noticed a two-headed ogre
 12217 | D:9      | Killed a two-headed ogre
 12217 | D:9      | Reached skill level 8 in Polearms
 12369 | D:9      | Found a shimmering altar of Xom.
 12448 | D:9      | Noticed a manticore
 12460 | D:9      | Killed a manticore
 12460 | D:9      | Reached skill level 9 in Polearms
 12530 | D:9      | Reached skill level 10 in Polearms
 12531 | D:9      | Upgraded the game from 0.25-a0-158-g59b9092 to
                  | 0.25-a0-161-gb7fd73d
 12950 | D:9      | Noticed a two-headed ogre
 12962 | D:9      | Killed a two-headed ogre
 12968 | D:9      | Learned a level 4 spell: Summon Lightning Spire
 13236 | D:9      | Killed a tengu warrior
 13236 | D:9      | Reached skill level 1 in Air Magic
 13439 | D:10     | Entered Level 10 of the Dungeon
 13442 | D:10     | Noticed Snorg
 13555 | D:10     | Found a radiant altar of Vehumet.
 13760 | D:10     | Found Inuluh's Distillery.
 14096 | D:10     | Reached XP level 11. HP: 81/81 MP: 5/18
 14105 | D:10     | Reached ***** piety under Sif Muna
 14105 | D:10     | Identified Sif Muna's Guide on Execration and Evil (Sif
                  | Muna gifted it to you on level 10 of the Dungeon)
 14105 | D:10     | Received a gift from Sif Muna
 14176 | D:10     | Found a staircase to the Orcish Mines.
 14852 | D:10     | Killed Snorg
 14947 | D:11     | Noticed a white ugly thing
 14966 | D:11     | Killed a purple ugly thing
 15406 | D:11     | Found a staircase to the Lair.
 15408 | D:11     | Noticed an oklob plant
 15408 | D:11     | Noticed an oklob plant
 15646 | D:11     | Noticed a two-headed ogre
 15654 | D:11     | Killed a two-headed ogre
 15654 | D:11     | Reached skill level 5 in Air Magic
 15697 | D:11     | Noticed a manticore
 15706 | D:11     | Killed a manticore
 15764 | D:11     | You fall into a shaft and drop 2 floors!
 15865 | D:13     | Noticed a deep elf mage
 15867 | D:13     | Noticed a two-headed ogre
 15871 | D:13     | Killed a deep elf mage
 15874 | D:13     | Killed a two-headed ogre
 15954 | D:13     | Found a gate to the Vaults.
 15954 | D:13     | Noticed an ironheart preserver
 15988 | D:13     | Killed an ironheart preserver
 16196 | D:13     | Noticed a green ugly thing
 16207 | D:13     | Killed a green ugly thing
 16207 | D:13     | Reached skill level 5 in Invocations
 16353 | D:13     | Noticed Azrael
 16371 | D:13     | Identified Sif Muna's Tome of the Helpful Snowflakes (Sif
                  | Muna gifted it to you on level 13 of the Dungeon)
 16371 | D:13     | Received a gift from Sif Muna
 16377 | D:13     | Killed from afar by Azrael

Levels and vault maps discovered:
D:1:      dpeg_arrival_erosion, layout_loops_corners, grunt_decor_arrowhead,
          minmay_misc_feat_rows
D:2:      layout_rooms, gammafunk_temple_overflow_elements
D:3:      layout_basic, nicolae_overflow_hidden_temple, first_ration,
          nicolae_gozag_cash_rules_everything_around_me, uniq_ijyb
D:4:      layout_loops_ring, grunt_dithmenos_shadows,
          minmay_temple_entry_gardened_gates
D:5:      layout_loops_ring, zin_treasury, glass_columns_b, uniq_pikel
D:6:      layout_loops_corners, kennysheep_mini, portal_sewer_entry_b,
          chequers_serial_rivers_micro_b
D:7:      layout_rooms, kennysheep_little_box
D:8:      layout_loops_cross, enter_ossuary_5, serial_shops, shop,
          nicolae_underground_beach
D:9:      minmay_the_grid_octo_tiled_octocenter
          [minmay_the_grid_octo_tetromino_candy, minmay_the_grid_octo_77,
          minmay_the_grid_octo_vomiting_pacman,
          minmay_the_grid_octo_fat_diamond,
          minmay_the_grid_octo_prize_square_snowflake,
          minmay_the_grid_square_5x5_six_small,
          minmay_the_grid_square_5x5_n_small,
          minmay_the_grid_square_5x5_minivault, minmay_the_grid_square_5x5_v],
          layout_rooms, elyvilon_altar_5
D:10:     layout_small_grid, erik_orc_3, basic_altar, serial_shops, shop,
          uniq_snorg
D:11:     layout_roguey, dpeg_oklobed_lair
D:13:     minmay_clustersquares, layout_small_grid,
          skrybe_vaults_entry_preservation, uniq_azrael
Temple:   nicolae_temple_god_jail

Skill      XL: |  1  2  3  4  5  6  7  8  9 10 11 |
---------------+----------------------------------+-----
Dodging        | 3 4 5 7 8 9 |  9.1
Stealth        | 3 4 |  4.0
Spellcasting   | 3 4 5 |  5.0
Summonings     | 5 6 7 9 |  9.0
Fighting       | 3 5 6 |  6.9
Ice Magic      | 3 6 7 |  7.0
Polearms       | 3 6 10 | 10.8
Invocations    | 4 5 |  5.2
Air Magic      | 3 5 |  5.1

Action                   |  1- 3 |  4- 6 |  7- 9 | 10-12 || total
-------------------------+-------+-------+-------+-------++-------
Melee: Short sword       |    33 |    66 |     1 |       ||   100
       Halberd           |       |       |   417 |   423 ||   840
       Tailslap          |       |       |     1 |       ||     1
 Cast: Summon Small Mamm |    21 |       |       |       ||    21
       Call Imp          |    22 |    72 |    37 |     2 ||   133
       Call Canine Famil |       |    16 |    39 |     7 ||    62
       Summon Ice Beast  |       |       |    48 |    55 ||   103
       Summon Lightning  |       |       |       |    10 ||    10
Evoke: Wand              |       |       |       |     1 ||     1
  Use: Scroll            |     2 |     4 |    14 |     5 ||    25
       Potion            |       |       |       |     2 ||     2
 Stab: Sleeping          |     3 |     2 |     6 |    10 ||    21
       Distracted        |       |     2 |     8 |     5 ||    15
       Invisible         |       |       |       |     2 ||     2
  Eat: Ration            |     1 |     2 |     6 |     1 ||    10
       Chunk             |     1 |    11 |    13 |    23 ||    48
Armor: Robe              |    17 |     9 |    56 |    71 ||   153
Dodge: Dodged            |    48 |    84 |   333 |   378 ||   843

Table legend:
 A = Non-vault XP
 B = Vault XP
 C = Vault XP percentage of total XP
 D = Non-vault monster count
 E = Vault monster count
 F = Vault count percentage of total count
                 A         B        C        D         E       F
            +---------+---------+-------+---------+---------+-------
      Total |    9295 |    8098 |  46.6 |     271 |     106 |  28.1
            +---------+---------+-------+---------+---------+-------
        D:1 |      33 |       0 |   0.0 |      25 |       0 |   0.0
        D:2 |      53 |       0 |   0.0 |      24 |       0 |   0.0
        D:3 |      28 |       0 |   0.0 |      18 |       0 |   0.0
        D:4 |     375 |       6 |   1.6 |      28 |       1 |   3.4
        D:5 |     236 |     391 |  62.4 |      19 |       1 |   5.0
        D:6 |     546 |       7 |   1.3 |      25 |       4 |  13.8
        D:7 |     425 |       0 |   0.0 |      13 |       0 |   0.0
        D:8 |     548 |       0 |   0.0 |      24 |       0 |   0.0
        D:9 |    1733 |    3056 |  63.8 |      30 |      20 |  40.0
       D:10 |    1357 |    1131 |  45.5 |      23 |      17 |  42.5
       D:11 |    3320 |       0 |   0.0 |      33 |       0 |   0.0
       D:13 |     641 |    3135 |  83.0 |       9 |      13 |  59.1
      Sewer |       0 |      98 | 100.0 |       0 |      11 | 100.0
    Ossuary |       0 |     274 | 100.0 |       0 |      39 | 100.0
            +---------+---------+-------+---------+---------+-------
